Map: Orbital Shipyard

Players

TheZeus - Winner!

  • Race: Terran Terran
  • League: Silver

BruteForce

  • Race: Terran Terran
  • League: Silver

VOD

Have the link to the VOD?

Description

Time

  • Played on: Aug. 24, 2015, 10:30 p.m.
  • Length: 6:12
Show
View Real Time Build Order
Export as new Build Order

TheZeus Terran - Winner!

Build Orders: 1/1/1, Banshee Rush 

Get SALT Encoding   

  12  0:02  SCV  
  13  0:14  SCV  
  13  0:18  Supply Depot  
  14  0:26  SCV  
  15  0:31  Refinery  
  15  0:42  Barracks  
  15  0:45  SCV  
  16  0:55  Refinery  
  16  0:57  SCV  
  17  1:09  SCV  
  18  1:16  Supply Depot  
  18  1:22  SCV  
  19  1:35  Factory  
  19  1:44  Barracks Reactor  
  19  1:46  SCV  
  20  1:59  SCV  
  21  2:11  SCV  
  21  2:27  Starport  
  21  2:34  SCV  
  22  2:37  Widow Mine x2  
  26  2:46  Marine  
  27  2:53  SCV  
  28  2:58  Engineering Bay  
  28  3:11  Medivac  
  28  3:12  Barracks Tech Lab  
  30  3:15  Supply Depot  
  30  3:31  Missile Turret  
  30  3:36  Widow Mine x2  
  30  3:37  Orbital Command  
  34  3:52  Cloaking Field  
  34  3:56  Banshee  
  37  4:16  Widow Mine  
  39  4:45  Supply Depot  
  39  4:46  Supply Depot  
  39  4:48  Supply Depot  
  39  5:06  Widow Mine  
  39  5:07  Banshee  
Show
View Real Time Build Order
Export as new Build Order

BruteForce Terran 

Build Orders:  

Get SALT Encoding   

  12  0:02  SCV  
  13  0:14  SCV  
  13  0:18  Supply Depot  
  14  0:30  SCV  
  14  0:32  Refinery  
  15  0:45  Barracks  
  15  0:48  SCV  
  16  1:00  SCV  
  17  1:06  Refinery  
  17  1:14  SCV  
  18  1:26  SCV  
  19  1:33  Reaper  
  19  1:38  SCV  
  21  1:47  Factory  
  21  1:50  SCV  
  22  2:02  SCV  
  22  2:04  Supply Depot  
  23  2:24  Command Center  
  23  2:25  Orbital Command  
  23  2:43  Barracks Reactor  
  23  2:46  Starport  
  22  2:55  Factory Reactor  
  22  3:00  SCV  
  23  3:13  SCV  
  23  3:18  Starport  
  24  3:22  Marine x2  
  26  3:29  SCV  
  26  3:30  Refinery  
  27  3:35  Hellion x2  
  31  3:44  Armory  
  31  3:48  SCV  
  32  3:50  Starport Tech Lab  
  32  3:54  SCV  
  33  4:01  Starport Reactor  
  33  4:06  Liberator  
  33  4:15  Marine x2  
  35  4:19  Hellion x2  
  35  4:22  Liberator  
  42  4:34  Orbital Command  
  45  4:47  Viking  
  47  4:55  SCV  
  44  5:39  Hellion x2  
Tags
 
Add a new tag
Caveats
  • Supply blocks, unpowered buildings, or Contaminate may cause inaccurate times.
  • Supply counts are checked every 10 seconds.